MLB
PHILADELPHIA PHILLIES @ ST. LOUIS CARDINALS
06/26/2098
 
TOP OF THE 1ST
Philadelphia Phillies batting - Pitching for St. Louis Cardinals : RHP Chris Baker
Pitching: RHP Chris Baker
Batting: RHB Ryan Klepper 0-0: Ball
1-0: Ball
2-0: Called Strike
2-1: Foul Ball, location: 2F
2-2: Ground out 3-1 (Groundball, 34, EV 87.5 MPH)
Batting: RHB Vicente Vargas 0-0: Swinging Strike
0-1: Swinging Strike
0-2: Strikes out swinging
Batting: SHB Pete Ray 0-0: Foul Ball, location: 7LDF
0-1: Ball
1-1: Foul Ball, location: 2F
1-2: Ball
2-2: Strikes out swinging
Top of the 1st over - 0 runs, 0 hits, 0 errors, 0 left on base; Philadelphia 0 - St. Louis 0
BOTTOM OF THE 1ST
St. Louis Cardinals batting - Pitching for Philadelphia Phillies : RHP Chris Windows
Pitching: RHP Chris Windows
Batting: LHB Brett Rinehart 0-0: DOUBLE (Line Drive, 8LXD, EV 106.3 MPH)
Batting: RHB Butch Arnett 0-0: Ball
1-0: Ball
2-0: Ball
3-0: Called Strike
3-1: Called Strike
3-2: Base on Balls
Batting: SHB Bryan Smolka 0-0: DOUBLE (Flyball, 89XD, EV 98.8 MPH)
Brett Rinehart scores
Butch Arnett to third
Batting: RHB Ryan Collier 0-0: Called Strike
0-1: Ball
1-1: Ball
2-1: Called Strike
2-2: Foul Ball, location: 2F
2-2: Ball
3-2: Base on Balls
Batting: LHB Jose Nieto 0-0: Swinging Strike
0-1: Called Strike
0-2: Ball
1-2: Ball
2-2: Foul Ball, location: 7LSF
2-2: SINGLE (Line Drive, 78S, EV 110.0 MPH)
Butch Arnett scores
Bryan Smolka to third
Ryan Collier to second
Pitching: RHP Nick Farrier
Batting: RHB Jayden Whaley 0-0: Called Strike
0-1: Ball
1-1: Foul Ball, location: 2F
1-2: Strikes out swinging
Batting: RHB Brodie Herian 0-0: Ball
1-0: Ball
2-0: Grounds into double play, 5-4-3 (Groundball, 5, EV 85.0 MPH)
Bottom of the 1st over - 2 runs, 3 hits, 0 errors, 2 left on base; Philadelphia 0 - St. Louis 2
TOP OF THE 2ND
Philadelphia Phillies batting - Pitching for St. Louis Cardinals : RHP Chris Baker
Batting: RHB Chad Larson 0-0: Called Strike
0-1: Ball
1-1: SINGLE (Groundball, 6D, EV 98.1 MPH)
Batting: RHB Jason Waid 0-0: Ball
1-0: Ball
2-0: Called Strike
2-1: Ball
3-1: Base on Balls
Chad Larson to second
Batting: RHB John Zanin 0-0: Ball
1-0: Ball
2-0: Fly out, F6 (Popup, 6, EV 77.5 MPH)
Batting: SHB Cesar Quinteros 0-0: Called Strike
0-1: Fly out, F9 (Line Drive, 9, EV 90.0 MPH)
Batting: RHB Aaron Marler 0-0: Called Strike
0-1: Foul Ball, location: 9LMF
0-2: Strikes out looking
Top of the 2nd over - 0 runs, 1 hit, 0 errors, 2 left on base; Philadelphia 0 - St. Louis 2
BOTTOM OF THE 2ND
St. Louis Cardinals batting - Pitching for Philadelphia Phillies : RHP Nick Farrier
Batting: LHB Jimmy Goldberg 0-0: Ball
1-0: Ball
2-0: Ground out 5-3 (Groundball, 5, EV 110.6 MPH)
Batting: RHB Jason Rush 0-0: Ball
1-0: Called Strike
1-1: Ball
2-1: Ball
3-1: Base on Balls
Batting: LHB Brett Rinehart 0-0: Ball
1-0: SINGLE (Line Drive, 4D, EV 98.1 MPH)
Jason Rush to second
Batting: RHB Butch Arnett 0-0: Ball
1-0: Ball
2-0: Swinging Strike
2-1: Fly out, F3 (Popup, 3F, EV 63.8 MPH)
Batting: SHB Bryan Smolka 0-0: Foul Ball, location: 5DF
0-1: Ground out 4-3 (Groundball, 4, EV 85.6 MPH)
Bottom of the 2nd over - 0 runs, 1 hit, 0 errors, 2 left on base; Philadelphia 0 - St. Louis 2
TOP OF THE 3RD
Philadelphia Phillies batting - Pitching for St. Louis Cardinals : RHP Chris Baker
Batting: RHB Jarred Giordano 0-0: Ball
1-0: Foul Ball, location: 2F
1-1: Ball
2-1: Foul Ball, location: 2F
2-2: Fly out, F9 (Flyball, 9LM, EV 96.9 MPH)
Batting: RHB Ryan Klepper 0-0: Ball
1-0: Swinging Strike
1-1: Fly out, F7 (Flyball, 78M, EV 83.1 MPH)
Batting: RHB Vicente Vargas 0-0: Ball
1-0: Ball
2-0: Called Strike
2-1: Ground out 6-3 (Groundball, 6M, EV 88.8 MPH)
Top of the 3rd over - 0 runs, 0 hits, 0 errors, 0 left on base; Philadelphia 0 - St. Louis 2
BOTTOM OF THE 3RD
St. Louis Cardinals batting - Pitching for Philadelphia Phillies : RHP Nick Farrier
Batting: RHB Ryan Collier 0-0: Ball
1-0: Swinging Strike
1-1: Swinging Strike
1-2: Strikes out swinging
Batting: LHB Jose Nieto 0-0: Called Strike
0-1: Foul Ball, location: 3FF
0-2: Ball
1-2: Foul Ball, location: 5FF
1-2: Ball
2-2: Foul Ball, location: 7LSFF
2-2: Ground out U3 (Groundball, 34, EV 83.8 MPH)
Batting: RHB Jayden Whaley 0-0: Ball
1-0: Ball
2-0: Foul Ball, location: 9LMF
2-1: Called Strike
2-2: Foul Ball, location: 23F
2-2: Strikes out swinging
Bottom of the 3rd over - 0 runs, 0 hits, 0 errors, 0 left on base; Philadelphia 0 - St. Louis 2
TOP OF THE 4TH
Philadelphia Phillies batting - Pitching for St. Louis Cardinals : RHP Chris Baker
Batting: SHB Pete Ray 0-0: Ball
1-0: Ball
2-0: Fly out, F7 (Line Drive, 7S, EV 90.6 MPH)
Batting: RHB Chad Larson 0-0: Foul Ball, location: 2F
0-1: Ball
1-1: Foul Ball, location: 9LSF
1-2: Strikes out looking
Batting: RHB Jason Waid 0-0: Ball
1-0: Foul Ball, location: 7LSF
1-1: Called Strike
1-2: Ball
2-2: Ground out 5-3 (Groundball, 56S, EV 65.0 MPH)
Top of the 4th over - 0 runs, 0 hits, 0 errors, 0 left on base; Philadelphia 0 - St. Louis 2
BOTTOM OF THE 4TH
St. Louis Cardinals batting - Pitching for Philadelphia Phillies : RHP Nick Farrier
Batting: RHB Brodie Herian 0-0: Fly out, F7 (Flyball, 7S, EV 86.9 MPH)
Batting: LHB Jimmy Goldberg 0-0: Foul Ball, location: 2F
0-1: DOUBLE (Flyball, 8LD, EV 107.5 MPH)
Batting: RHB Jason Rush 0-0: Called Strike
0-1: SINGLE (Flyball, 89S, EV 92.5 MPH)
Jimmy Goldberg to third
Batting: LHB Brett Rinehart 0-0: Ball
1-0: Ball
2-0: Ball
3-0: Called Strike
3-1: Foul Ball, location: 2F
3-2: Strikes out swinging
Batting: RHB Butch Arnett 0-0: Ball
1-0: Foul Ball, location: 5DF
1-1: Foul Ball, location: 23FF
1-2: Strikes out swinging
Bottom of the 4th over - 0 runs, 2 hits, 0 errors, 2 left on base; Philadelphia 0 - St. Louis 2
TOP OF THE 5TH
Philadelphia Phillies batting - Pitching for St. Louis Cardinals : RHP Chris Baker
Batting: RHB John Zanin 0-0: Fly out, F7 (Flyball, 7D, EV 92.5 MPH)
Batting: SHB Cesar Quinteros 0-0: Ball
1-0: Swinging Strike
1-1: Ball
2-1: SINGLE (Flyball, 78S, EV 90.6 MPH)
Batting: RHB Aaron Marler 0-0: Ball
1-0: Foul Ball, location: 2F
1-1: Grounds into double play, 6-4-3 (Groundball, 6, EV 106.9 MPH)
Top of the 5th over - 0 runs, 1 hit, 0 errors, 0 left on base; Philadelphia 0 - St. Louis 2
BOTTOM OF THE 5TH
St. Louis Cardinals batting - Pitching for Philadelphia Phillies : RHP Nick Farrier
Batting: SHB Bryan Smolka 0-0: Ball
1-0: Ball
2-0: Fly out, F8 (Flyball, 8RM, EV 88.8 MPH)
Batting: RHB Ryan Collier 0-0: Ball
1-0: Called Strike
1-1: Swinging Strike
1-2: Ball
2-2: Strikes out swinging
Batting: LHB Jose Nieto 0-0: Ball
1-0: Called Strike
1-1: Ball
2-1: Ball
3-1: DOUBLE (Line Drive, 78D, EV 106.3 MPH)
Batting: RHB Jayden Whaley 0-0: Called Strike
0-1: Ground out 5-3 (Groundball, 25, EV 94.4 MPH)
Bottom of the 5th over - 0 runs, 1 hit, 0 errors, 1 left on base; Philadelphia 0 - St. Louis 2
TOP OF THE 6TH
Philadelphia Phillies batting - Pitching for St. Louis Cardinals : RHP Chris Baker
Batting: RHB Jarred Giordano 0-0: Called Strike
0-1: Ball
1-1: SINGLE (Groundball, 6D, EV 98.8 MPH)
Batting: RHB Ryan Klepper 0-0: Fly out, F7 (Flyball, 78M, EV 95.0 MPH)
Batting: RHB Vicente Vargas 0-0: Ball
1-0: SINGLE (Groundball, 4MD, EV 98.8 MPH)
Jarred Giordano to second
Batting: SHB Pete Ray 0-0: Called Strike
0-1: Fly out, F7 (Flyball, 7, EV 92.5 MPH)
Batting: RHB Chad Larson 0-0: Swinging Strike
0-1: Foul Ball, location: 2F
0-2: Foul Ball, location: 5FF
0-2: Ball
1-2: Fly out, F9 (Flyball, 9D, EV 95.0 MPH)
Top of the 6th over - 0 runs, 2 hits, 0 errors, 2 left on base; Philadelphia 0 - St. Louis 2
BOTTOM OF THE 6TH
St. Louis Cardinals batting - Pitching for Philadelphia Phillies : RHP Nick Farrier
Batting: RHB Brodie Herian 0-0: Ball
1-0: Ball
2-0: Foul Ball, location: 2F
2-1: Ball
3-1: Fly out, F7 (Flyball, 7, EV 90.6 MPH)
Batting: LHB Jimmy Goldberg 0-0: Called Strike
0-1: Ball
1-1: SINGLE (Groundball, 34D, EV 100.6 MPH)
Pitching: RHP Dave Quiram
Batting: RHB Jason Rush 0-0: Ball
1-0: Swinging Strike
1-1: Ball
2-1: Ball
3-1: Foul Ball, location: 7LDF
3-2: Base on Balls
Jimmy Goldberg to second
Batting: LHB Brett Rinehart 0-0: Ball
1-0: Ball
2-0: Ball
3-0: Called Strike
3-1: Fly out, F8 (Line Drive, 89M, EV 97.5 MPH)
Batting: RHB Butch Arnett 0-0: Ball
1-0: Fly out, F9 (Flyball, 9LS, EV 90.6 MPH)
Bottom of the 6th over - 0 runs, 1 hit, 0 errors, 2 left on base; Philadelphia 0 - St. Louis 2
TOP OF THE 7TH
Philadelphia Phillies batting - Pitching for St. Louis Cardinals : RHP Chris Baker
Batting: RHB Jason Waid 0-0: Called Strike
0-1: Ball
1-1: Ball
2-1: SINGLE (Line Drive, 6D, EV 93.8 MPH)
Batting: RHB John Zanin 0-0: Called Strike
0-1: Called Strike
Pickoff Throw to First - Out! 1-3
0-2: Foul Ball, location: 2F
0-2: Strikes out swinging
Batting: SHB Cesar Quinteros 0-0: SINGLE (Groundball, 6MD, EV 100.6 MPH)
Batting: RHB Aaron Marler 0-0: Ball
1-0: Ground out 4-3 (Groundball, 4S, EV 83.8 MPH)
Top of the 7th over - 0 runs, 2 hits, 0 errors, 1 left on base; Philadelphia 0 - St. Louis 2
BOTTOM OF THE 7TH
St. Louis Cardinals batting - Pitching for Philadelphia Phillies : RHP Dave Quiram
Batting: SHB Bryan Smolka 0-0: Called Strike
0-1: Swinging Strike
0-2: Strikes out swinging
Batting: RHB Ryan Collier 0-0: Ball
1-0: Called Strike
1-1: Fly out, F8 (Flyball, 8LXD, EV 106.3 MPH)
Batting: LHB Jose Nieto 0-0: Ball
1-0: Ball
2-0: Foul Ball, location: 7LSF
2-1: Ball
3-1: Swinging Strike
3-2: Strikes out swinging
Bottom of the 7th over - 0 runs, 0 hits, 0 errors, 0 left on base; Philadelphia 0 - St. Louis 2
TOP OF THE 8TH
Philadelphia Phillies batting - Pitching for St. Louis Cardinals : RHP Chris Baker
Batting: RHB Jarred Giordano 0-0: SINGLE (Groundball, 4MD, EV 96.9 MPH)
Pinch Hitting: SHB Tim Spotton 0-0: 2-RUN HOME RUN (Flyball, 89XD, EV 105.6 MPH), Distance : 415 ft
Batting: RHB Vicente Vargas 0-0: Fly out, F7 (Flyball, 7LS, EV 97.5 MPH)
Batting: SHB Pete Ray 0-0: Ball
1-0: Called Strike
1-1: Ball
2-1: Ball
3-1: Called Strike
3-2: SINGLE (Line Drive, 4D, EV 110.0 MPH)
Batting: RHB Chad Larson 0-0: Ball
1-0: Fly out, F3 (Popup, 3F, EV 60.6 MPH)
Batting: RHB Jason Waid 0-0: Ball
1-0: Swinging Strike
1-1: Ball
2-1: Ball
3-1: Base on Balls
Pete Ray to second
Batting: RHB John Zanin 0-0: Swinging Strike
0-1: Foul Ball, location: 7LSF
0-2: Foul Ball, location: 2F
0-2: Foul Ball, location: 25F
0-2: Strikes out swinging
Top of the 8th over - 2 runs, 3 hits, 0 errors, 2 left on base; Philadelphia 2 - St. Louis 2
BOTTOM OF THE 8TH
St. Louis Cardinals batting - Pitching for Philadelphia Phillies : RHP Dave Quiram
Now in CF: Jason Garza
Batting: RHB Jayden Whaley 0-0: Ball
1-0: Foul Ball, location: 7LSF
1-1: Ball
2-1: Ball
3-1: Base on Balls
Pinch Hitting: LHB Ricky Rios 0-0: Called Strike
0-1: Ball
1-1: Swinging Strike
1-2: Ball
2-2: Fly out, F7 (Flyball, 7S, EV 88.8 MPH)
Pitching: RHP Eric Allard
Batting: LHB Jimmy Goldberg 0-0: Bunted foul
0-1: Ball
1-1: Ball
2-1: Ball
3-1: Base on Balls
Jayden Whaley to second
Batting: RHB Jason Rush 0-0: Ball
1-0: Foul Ball, location: 7LSF
1-1: Foul Ball, location: 3FF
1-2: Ball
2-2: Grounds into double play, 6-4-3 (Groundball, 6, EV 105.6 MPH)
Bottom of the 8th over - 0 runs, 0 hits, 0 errors, 1 left on base; Philadelphia 2 - St. Louis 2
TOP OF THE 9TH
Philadelphia Phillies batting - Pitching for St. Louis Cardinals : RHP Chris Baker
Pitching: RHP Jaden McCullough
Now at SS: Gabe Vega
Batting: SHB Cesar Quinteros 0-0: Ball
1-0: Fly out, F6 (Popup, 6, EV 56.3 MPH)
Batting: RHB Aaron Marler 0-0: Swinging Strike
0-1: Ball
1-1: Ball
2-1: Swinging Strike
2-2: Fly out, F9 (Flyball, 9, EV 87.5 MPH)
Pinch Hitting: RHB Luis Esquivel 0-0: Ball
1-0: SINGLE (Groundball, 4D, EV 99.4 MPH)
Batting: RHB Jason Garza 0-0: Called Strike
0-1: Ball
1-1: Foul Ball, location: 2F
1-2: Foul Ball, location: 2F
1-2: Foul Ball, location: 7LSF
1-2: Ground out 5-3 (Groundball, 5S, EV 93.1 MPH)
Top of the 9th over - 0 runs, 1 hit, 0 errors, 1 left on base; Philadelphia 2 - St. Louis 2
BOTTOM OF THE 9TH
St. Louis Cardinals batting - Pitching for Philadelphia Phillies : RHP Eric Allard
Pitching: LHP Eric House
Now at C: Josh Hester
Pinch Hitting: RHB Jeff Saxton 0-0: Foul Ball, location: 2F
0-1: Foul Ball, location: 9LMF
0-2: Strikes out swinging
Batting: RHB Butch Arnett 0-0: Swinging Strike
0-1: Swinging Strike
0-2: Ball
1-2: SINGLE (Line Drive, 7S, EV 99.4 MPH)
Batting: SHB Bryan Smolka 0-0: Foul Ball, location: 23FF
0-1: Fielders Choice at 2nd, 1-4 (Groundball, P, EV 64.4 MPH)
Batting: RHB Ryan Collier 0-0: Swinging Strike
0-1: Foul Ball, location: 2F
0-2: Ball
1-2: Foul Ball, location: 2F
1-2: Foul Ball, location: 5F
1-2: Fly out, F7 (Flyball, 78S, EV 94.4 MPH)
Bottom of the 9th over - 0 runs, 1 hit, 0 errors, 1 left on base; Philadelphia 2 - St. Louis 2
TOP OF THE 10TH
Philadelphia Phillies batting - Pitching for St. Louis Cardinals : RHP Jaden McCullough
Now in LF: David Martinez
Batting: RHB Vicente Vargas 0-0: Swinging Strike
0-1: Called Strike
0-2: Ball
1-2: TRIPLE (Flyball, 89XD, EV 96.3 MPH)
Batting: SHB Pete Ray 0-0: Intentional Walk
Batting: RHB Chad Larson 0-0: Swinging Strike
0-1: Called Strike
0-2: Ball
1-2: Ball
2-2: Strikes out swinging
Batting: RHB Jason Waid 0-0: Called Strike
0-1: Ball
1-1: Foul Ball, location: 2F
1-2: Foul Ball, location: 2F
1-2: DOUBLE (Line Drive, 89D, EV 101.9 MPH)
Vicente Vargas scores
Pete Ray to third
Runner from 3rd tries for Home, SAFE, throw by RF to trailing runner, SAFE at third!
Pitching: RHP Daniel Beaudry
Batting: RHB John Zanin 0-0: Ball
1-0: Ball
2-0: Called Strike
2-1: Swinging Strike
2-2: Ball
3-2: Strikes out looking
Batting: SHB Cesar Quinteros 0-0: Ground out 3-1 (Groundball, 34, EV 85.0 MPH)
Top of the 10th over - 2 runs, 2 hits, 0 errors, 1 left on base; Philadelphia 4 - St. Louis 2
BOTTOM OF THE 10TH
St. Louis Cardinals batting - Pitching for Philadelphia Phillies : LHP Eric House
Pitching: RHP Jason Hunter
Batting: LHB Jose Nieto 0-0: Called Strike
0-1: Fly out, F9 (Line Drive, 89M, EV 106.9 MPH)
Batting: RHB Jayden Whaley 0-0: Foul Ball, location: 9LMF
0-1: Ball
1-1: Foul Ball, location: 2F
1-2: SOLO HOME RUN (Flyball, 78XD, EV 99.4 MPH), Distance : 389 ft
Batting: RHB Gabe Vega 0-0: Called Strike
0-1: Called Strike
0-2: Fly out, F6 (Line Drive, 6, EV 67.5 MPH)
Batting: LHB Jimmy Goldberg 0-0: Called Strike
0-1: Foul Ball, location: 3SF
0-2: Strikes out swinging
Bottom of the 10th over - 1 run, 1 hit, 0 errors, 0 left on base; Philadelphia 4 - St. Louis 3
Monday, April 8th , 2024 - OOTP Baseball 24.11 Build 85